 Dungeon Crawl Stone Soup version 0.31.0-32-g396128a36d (webtiles) character file.

Game seed: 11187365700571725049

5901 concernfroge the Warrior (level 10, 0/114 HPs)
             Began as a Minotaur Berserker on Apr 16, 2024.
             Was an Elder of Trog.
             Killed from afar by a rime drake (9 damage)
             ... with an icy flash freeze
             ... on level 1 of the Lair of Beasts.
             The game lasted 00:36:43 (9125 turns).

concernfroge the Warrior (Minotaur Berserker)       Turns: 9125, Time: 00:36:45

Health: 0/114      AC:  5    Str: 27    XL:     10   Next: 53%
Magic:  9/9        EV: 12    Int:  6    God:    Trog [****..]
Gold:   504        SH:  0    Dex: 19    Spells: 9/9 levels left

rFire   + . .        a - +0 glaive
rCold   + + .        (shield currently unavailable)
rNeg    . . .        z - +0 robe {rC+ rF+}
rPois   .            (helmet restricted)
rElec   .            (no cloak)
rCorr   .            (no gloves)
SInv    .            c - +2 pair of boots
Will    +....        w - amulet of the acrobat
Stlth   ++           y - +6 ring of dexterity
HPRegen 0.39/turn    B - ring of protection from cold
MPRegen 0.11/turn

%: acrobat
@: on berserk cooldown, slowed, very slow
A: horns 2, retaliatory headbutt, claws 1, agile 1, clever 1, strong-willed 1,
strong 1
a: Renounce Religion, Berserk, Trog's Hand, Brothers in Arms


You were on level 1 of the Lair of Beasts.
You worshipped Trog.
Trog was greatly pleased with you.
You visited 2 branches of the dungeon, and saw 10 of its levels.

You collected 654 gold pieces.
You spent 150 gold pieces at shops.

Inventory:

Hand Weapons
 a - a +0 glaive (weapon)
 b - a +4 flail of holy wrath
Missiles
 i - 5 datura-tipped darts (quivered)
 G - 3 curare-tipped darts
Armour
 c - a +2 pair of boots (worn)
 z - a +0 robe of resistance (worn)
Jewellery
 w - an amulet of the acrobat (around neck)
 y - a +6 ring of dexterity (left claw)
 B - a ring of protection from cold (right claw)
Wands
 A - a wand of flame (22)
 C - a wand of polymorph (9)
 D - a wand of roots (10)
 H - a wand of paralysis (4)
Scrolls
 e - a scroll of enchant armour
 g - 3 scrolls of enchant weapon
 j - 3 scrolls of blinking
 n - 2 scrolls of vulnerability
 o - a scroll of noise {unknown}
 p - 3 scrolls of poison
 q - a scroll of amnesia {unknown}
 r - 4 scrolls of fog
 s - 3 scrolls of teleportation
 v - a scroll of immolation {unknown}
Potions
 d - 2 potions of heal wounds
 f - 4 potions of berserk rage
 h - a potion of mutation
 k - 2 potions of magic
 l - a potion of cancellation
 t - 2 potions of enlightenment
 u - a potion of might
 x - 3 potions of lignification
 E - 2 potions of attraction
 F - a potion of ambrosia


   Skills:
 + Level 18.6 Fighting
 - Level 3.6 Axes
 - Level 2.4 Armour
 - Level 2.1 Dodging


You had 9 spell levels left.
You didn't know any spells.
Your spell library was empty.

Dungeon Overview and Level Annotations

Branches:
Dungeon (9/15)             Temple (0/1) D:5            Lair (1/5) D:9
    Orc: D:9-12

Altars:
Elyvilon
Makhleb
Okawaru
Xom
Zin

Shops:
D:1 (   D:9 **


Innate Abilities, Weirdness & Mutations

You have a pair of horns on your head.
You reflexively headbutt those who attack you in melee.
You have sharp fingernails.
You are agile. (Dex +4, Str/Int -1)
Your mind is acute. (Int +4, Str/Dex -1)
You are strong-willed. (Will+)
Your muscles are strong. (Str +4, Int/Dex -1)


Message History

The bullfrog barely misses you. The komodo dragon bites you!
You slash the bullfrog!
You kill the bullfrog!
Trog accepts your kill. The yak misses you. The yak gores you!
The komodo dragon bites you but does no damage.
You hit the komodo dragon but do no damage.
You headbutt the komodo dragon!
The komodo dragon is moderately wounded.
The yak gores you. The yak gores you! The komodo dragon misses you.
You closely miss the komodo dragon.
The komodo dragon is moderately wounded.
The yak gores you! x2; The komodo dragon closely misses you.
You barely miss the komodo dragon.
The komodo dragon is moderately wounded.
The basilisk hisses angrily.
The yak gores you!
* * * LOW HITPOINT WARNING * * *
The yak gores you but does no damage. The komodo dragon bites you!
* * * LOW HITPOINT WARNING * * *
You slash the yak! You headbutt the yak!
You kill the yak!
Trog accepts your kill. The yak barely misses you.
The komodo dragon misses you. The yak closely misses you.
You slice the yak!!
The yak is heavily wounded.
You are no longer berserk.
You are exhausted.
You feel yourself slow down. The komodo dragon barely misses you.
The yak gores you!
* * * LOW HITPOINT WARNING * * *
Blink to where?
Press: ? - help, Dir - move target A rime drake comes into view.
As you read the scroll of blinking, it crumbles to dust.
The rime drake hisses angrily.
The rime drake breathes ice at you. The icy flash freeze hits you!
You partially resist.
You die...

........P
........#
........#
........#
........##
#.....k.
#......#
#.....@#
#......#
#......#
#......#
#......#
#......#
##..†...#
#..lY...#
#.#......#


You could see a komodo dragon, a yak and a rime drake (catching breath).

Vanquished Creatures
  A torpor snail (D:9)
  A troll (D:9)
  Sigmund (D:2)
  A steam dragon (D:7)
  Eustachio (D:6)
  A yak (Lair:1)
  Edmund (D:4)
  2 water moccasins
  3 black bears
  2 ice beasts
  3 wolves (D:9)
  An ogre (D:5)
  3 centaurs
  5 kobold brigands
  8 bullfrogs
  2 wyvern zombies (D:8)
  A scorpion (D:5)
  8 wights (D:8)
  13 killer bees
  An electric eel (D:9)
  3 howler monkeys (D:7)
  A crimson imp (D:8)
  2 bombardier beetles (D:4)
  5 centaur zombies (D:8)
  4 jellies
  4 hounds
  5 orc priests
  A gnoll bouda (D:5)
  3 iguanas
  2 sleepcaps
  Natasha (thrice) (D:2)
  3 orc wizards
  A killer bee zombie (D:8)
  2 howler monkey zombies (D:8)
  6 gnolls
  7 adders
  A shadow imp (D:7)
  2 white imps
  5 ufetubi
  3 ribbon worms
  3 dart slugs
  21 orcs
  10 ball pythons
  8 bats
  9 endoplasms
  3 giant cockroaches
  4 goblins
  8 hobgoblins
  7 jackals
  29 kobolds
  8 quokkas
  A frilled lizard (D:1)
  4 rats
237 creatures vanquished.

Notes
Turn   | Place    | Note
-------+----------+-------------------------------------------
     0 | D:1      | concernfroge the Minotaur Berserker began the quest for the
                  | Orb.
     0 | D:1      | Reached XP level 1. HP: 19/19 MP: 0/0
    44 | D:1      | Reached skill level 4 in Fighting
    51 | D:1      | Reached XP level 2. HP: 27/28 MP: 1/1
   204 | D:1      | Found Nexem's Weapon Emporium.
   231 | D:1      | Reached ** piety under Trog
   236 | D:1      | Reached skill level 5 in Fighting
   299 | D:1      | Reached XP level 3. HP: 36/36 MP: 2/2
   680 | D:2      | Noticed Sigmund
   688 | D:2      | Killed Sigmund
   689 | D:2      | Reached skill level 7 in Fighting
   689 | D:2      | Reached XP level 4. HP: 48/48 MP: 3/3
   689 | D:2      | Reached XP level 5. HP: 53/53 MP: 4/4
   849 | D:2      | Noticed Natasha
   856 | D:2      | Killed Natasha
   857 | D:2      | Reached skill level 8 in Fighting
   976 | D:2      | Noticed Natasha
   986 | D:2      | Killed Natasha
   987 | D:2      | Reached XP level 6. HP: 23/61 MP: 5/5
   999 | D:2      | Noticed Natasha
  1001 | D:2      | Gained mutation: Your muscles are strong. (Str +4, Int/Dex
                  | -1) [potion of mutation]
  1001 | D:2      | Gained mutation: You have hidden genetic potential. [potion
                  | of mutation]
  1001 | D:2      | Gained mutation: You have sharp fingernails. [potion of
                  | mutation]
  1008 | D:2      | Killed Natasha
  1579 | D:3      | Reached skill level 9 in Fighting
  1965 | D:4      | Noticed Edmund
  1974 | D:4      | Killed Edmund
  1975 | D:4      | Reached XP level 7. HP: 71/71 MP: 6/6
  2217 | D:4      | Gained mutation: You are strong-willed. (Will+) [hidden
                  | potential]
  2225 | D:4      | Found an iron altar of Okawaru.
  2232 | D:4      | Found a glowing silver altar of Zin.
  2293 | D:4      | Reached *** piety under Trog
  2294 | D:4      | Reached skill level 10 in Fighting
  2911 | D:5      | Entered Level 5 of the Dungeon
  3228 | D:5      | Found a white marble altar of Elyvilon.
  3362 | D:5      | Found a staircase to the Ecumenical Temple.
  3476 | D:5      | Reached skill level 11 in Fighting
  3830 | D:5      | Reached XP level 8. HP: 68/82 MP: 7/7
  3903 | D:6      | Gained mutation: You have great hidden genetic potential.
                  | [hidden potential]
  3903 | D:6      | Lost mutation: You have great hidden genetic potential.
                  | [hidden potential expressed]
  3934 | D:6      | Reached skill level 12 in Fighting
  3999 | D:6      | Noticed Eustachio
  4003 | D:6      | Killed Eustachio
  4092 | D:6      | Reached skill level 13 in Fighting
  4800 | D:7      | Reached skill level 14 in Fighting
  4868 | D:7      | Reached XP level 9. HP: 63/96 MP: 8/8
  4880 | D:7      | Gained mutation: You are agile. (Dex +4, Str/Int -1)
                  | [hidden potential]
  5103 | D:7      | Reached skill level 15 in Fighting
  5226 | D:7      | Reached **** piety under Trog
  6499 | D:8      | Reached skill level 16 in Fighting
  7118 | D:8      | Reached skill level 17 in Fighting
  7132 | D:8      | Reached XP level 10. HP: 98/111 MP: 9/9
  7353 | D:8      | Gained mutation: Your mind is acute. (Int +4, Str/Dex -1)
                  | [hidden potential]
  7353 | D:8      | Lost mutation: You have hidden genetic potential. [hidden
                  | potential expressed]
  7445 | D:8      | Found a burning altar of Makhleb.
  7489 | D:8      | Found a shimmering altar of Xom.
  7680 | D:9      | Found a staircase to the Lair.
  8108 | D:9      | Found Jacwy's General Store.
  8116 | D:9      | Bought a scroll of teleportation for 36 gold pieces
  8116 | D:9      | Bought a scroll of poison for 48 gold pieces
  8178 | D:9      | Reached skill level 18 in Fighting
  8637 | D:9      | Found Putoc's General Store.
  8647 | D:9      | Bought a scroll of identify for 22 gold pieces
  8647 | D:9      | Bought a scroll of fog for 44 gold pieces
  8924 | Lair:1   | Entered Level 1 of the Lair of Beasts
  8924 | Lair:1   | Noticed a torpor snail
  8936 | D:9      | Killed a torpor snail
  9125 | Lair:1   | Killed from afar by a rime drake

Illustrated notes

Levels and vault maps discovered:
D:1:      orjb1_clovarrival, layout_basic, serial_shops, nicolae_shop_tiny_glass
D:2:      layout_basic, uniq_natasha, uniq_sigmund
D:3:      layout_basic, minmay_increasing_density
D:4:      layout_loops_cross, mainiacjoe_overflow_large_starburst, uniq_edmund
D:5:      layout_loops_ring, overflow_temple_1_default,
          minmay_temple_entry_grid, kennysheep_nondescript
D:6:      kennysheep_six_static_rooms, layout_rooms, uniq_eustachio
D:7:      layout_basic, serial_co_window_serial, co_window_paths_a,
          co_window_paths_a, co_window_corner_a, co_window_paths_b,
          co_window_corner_a, co_window_paths_b, co_window_corner_a,
          co_window_corner_b, co_window_broadway_a, co_window_broadway_a,
          glass_columns_c, glass_columns_a
D:8:      layout_loops_ring, grunt_temple_overflow_champion_of_chaos,
          serial_undead, serial_undead_c, serial_undead_e, serial_undead_b,
          serial_undead_d, minmay_fractal_squares_gapless_5
D:9:      layout_stronghold, erik_lair_island, serial_shops, shop, shop
Lair:1:   layout_big_grid, nicolae_lair_run_with_the_wolves

Skill      XL: |  1  2  3  4  5  6  7  8  9 10 |
---------------+-------------------------------+-----
Fighting       | 4 5 7 8 9 11 14 17 18 | 18.6
Axes           | |  3.6
Armour         | |  2.4
Dodging        | |  2.1

Action                     |  1- 3 |  4- 6 |  7- 9 | 10-12 || total
---------------------------+-------+-------+-------+-------++-------
  Melee: Hand axe          |     9 |       |       |       ||     9
         Glaive            |    48 |    93 |   250 |    95 ||   486
         Headbutt          |     4 |    10 |    51 |    14 ||    79
  Throw: Dart              |       |       |       |     1 ||     1
 Invoke: Berserk           |     1 |     2 |     3 |     5 ||    11
         Trog's Hand       |     1 |     1 |     4 |     2 ||     8
    Use: Potion            |       |     5 |     1 |     4 ||    10
         Scroll            |       |       |     5 |     8 ||    13
   Stab: Sleeping          |       |       |     3 |       ||     3
 Armour: Leather armour    |    31 |    72 |       |       ||   103
         Robe              |       |       |   220 |   111 ||   331
         Scale mail        |       |       |    12 |       ||    12
  Dodge: Dodged            |    34 |    71 |   191 |    87 ||   383
